 Dungeon Crawl Stone Soup version 0.29.1-15-g9cfb28693d (webtiles) character file.

Game seed: 7174008701682557780

98 CatalinOSBI the Grave Robber (level 4, -3/25 HPs)
             Began as a Deep Elf Necromancer on Apr 7, 2023.
             Shot with an arrow by a centaur (4 damage)
             ... on level 3 of the Dungeon.
             The game lasted 00:06:08 (2804 turns).

CatalinOSBI the Grave Robber (Deep Elf Necromancer) Turns: 2804, Time: 00:06:09

Health: -3/25      AC:  2    Str:  5    XL:     4   Next: 44%
Magic:  10/12      EV: 12    Int: 22    God:
Gold:   150        SH:  0    Dex: 15    Spells: 10/11 levels left

rFire   . . .      SeeInvis .   q - staff of death
rCold   . . .      Faith    .   (no shield)
rNeg    + . .      Spirit   .   a - +0 robe
rPois   +          Reflect  .   (no helmet)
rElec   .          Harm     .   (no cloak)
rCorr   .          Rampage  .   (no gloves)
Will    .....                   (no boots)
Stlth   ++........              (no amulet)
HPRegen 0.08/turn               e - ring of poison resistance
MPRegen 0.13/turn               (no ring)

@: no status effects
A: no striking features
a: no special abilities


You were on level 3 of the Dungeon.
You visited 1 branch of the dungeon, and saw 3 of its levels.

You collected 150 gold pieces.

Inventory:

Hand Weapons
 d - a +0 sling
 h - a +0 dagger
Armour
 a - a +0 robe (worn)
Magical Staves
 p - a staff of conjuration
 q - a staff of death (weapon)
Jewellery
 e - a ring of poison resistance (left hand)
Wands
 s - a wand of flame (7)
Scrolls
 f - a scroll of amnesia {unknown}
 g - 4 scrolls of identify {unknown}
 i - a scroll of noise {unknown}
 l - 4 scrolls of teleportation {unknown}
Potions
 b - a potion of magic
 c - 2 potions of haste {unknown}
 j - a potion of brilliance {unknown}
 k - a potion of ambrosia {unknown}
 m - a potion of flight {unknown}
 n - a potion of curing {unknown}
 o - 2 potions of heal wounds {unknown}
 r - a potion of mutation {unknown}


   Skills:
 + Level 1.4 Fighting
 + Level 1.8 Short Blades
 - Level 2.4 Dodging
 - Level 2.4 Stealth
 + Level 4.1 Spellcasting
 + Level 5.4 Necromancy


You had 10 spell levels left.
You knew the following spells:

 Your Spells              Type           Power      Damage    Failure   Level
a - Necrotise             Necr           100%       1d9       1%          1

Your spell library contained the following spells:

 Spells                   Type           Power      Damage    Failure   Level
 Vampiric Draining        Necr           42%        2d9       3%          3
 Animate Dead             Necr           42%        N/A       12%         4
 Agony                    Necr           42%        N/A       32%         5


Dungeon Overview and Level Annotations

Branches:
Dungeon (3/15)

Altars:


Message History

The centaur writhes in agony!
You hear an angry hiss.
An adder comes into view.
The centaur wields a +0 shortbow.
The centaur shoots an arrow.
The arrow hits you.
You see here a dart slug corpse.
Aiming: Necrotise (safe; 1% risk of failure)
Press: ? - help, Q - select action, (/) - cycle Shift-Dir - straight line, f/p - centaur
Aim: a centaur, wielding a +0 shortbow (moderately wounded, chance to affect: 83%)
You feel a surge of power!
The adder writhes in agony!
The adder bites you.
Aiming: Necrotise (safe; 1% risk of failure)
Press: ? - help, Q - select action, (/) - cycle Shift-Dir - straight line, f/p - centaur
Aim: a centaur, wielding a +0 shortbow (moderately wounded, chance to affect: 83%)
You feel a surge of power!
The adder writhes in agony.
You kill the adder!
The centaur shoots an arrow.
The arrow hits you!
The centaur shoots an arrow.
The arrow barely misses you.
Aiming: Throw Flame
Press: ? - help, Q - select action, (/) - cycle Shift-Dir - straight line, f/p - centaur
Aim: a centaur, wielding a +0 shortbow (moderately wounded, 81% to hit)
The puff of flame hits the centaur.
The centaur is severely wounded.
The centaur shoots an arrow.
The arrow hits you!
* * * LOW HITPOINT WARNING * * *
A giant cockroach comes into view.
You hear an angry hiss.
Aiming: Throw Flame
Press: ? - help, Q - select action, (/) - cycle Shift-Dir - straight line, f/p - centaur
Aim: a centaur, wielding a +0 shortbow (severely wounded, 81% to hit)
The puff of flame hits the centaur.
The centaur is severely wounded.
The centaur shoots an arrow.
The arrow misses you.
The centaur shoots an arrow.
The arrow barely misses you.
You hear a shout!
The centaur shoots an arrow.
The arrow hits your adder skeleton!
Your adder skeleton is destroyed!
The giant cockroach waves its antennae.
The centaur shoots an arrow.
The arrow hits you.
You die...

..........#..PP..#..#
#...........P~~P...#
#.>...>............#
###########.....###
#........#.##
#.########..###
#........####
#.#####.....#
#......@###.#
######...#.# #
.......##.##
###..c#.#...#
####..##†##..##
#.....#c#...##
####B##..##
#?..#...## #?.. ..##


You could see a centaur.

Vanquished Creatures
  Ijyb (D:3)
  2 adders (D:3)
  4 worms
  2 dart slugs
  An orc (D:3)
  7 bats
  An endoplasm (D:2)
  3 giant cockroaches
  A goblin (D:2)
  4 hobgoblins
  7 ball pythons
  A kobold (D:1)
  3 rats (D:3)
37 creatures vanquished.

Vanquished Creatures (collateral kills)
  A dart slug (D:2)
  A quokka (D:2)
2 creatures vanquished.

Grand Total: 39 creatures vanquished

Notes
Turn   | Place    | Note
-------+----------+-------------------------------------------
     0 | D:1      | CatalinOSBI the Deep Elf Necromancer began the quest for
                  | the Orb.
     0 | D:1      | Reached XP level 1. HP: 10/10 MP: 6/6
   358 | D:1      | Reached XP level 2. HP: 16/16 MP: 6/8
   425 | D:1      | Reached skill level 5 in Necromancy
   844 | D:2      | Reached skill level 1 in Short Blades
  1257 | D:2      | Reached XP level 3. HP: 11/20 MP: 3/10
  1731 | D:2      | Reached skill level 1 in Fighting
  2377 | D:3      | Noticed Ijyb
  2389 | D:3      | Killed Ijyb
  2390 | D:3      | Reached XP level 4. HP: 25/25 MP: 3/12
  2793 | D:3      | Noticed a centaur
  2800 | D:3      | HP: 1/25 [centaur/arrow (7)]
  2804 | D:3      | Shot with an arrow by a centaur

Illustrated notes

Levels and vault maps discovered:
D:1:      lightli_arrival_flooded_house, layout_loops_cross,
          chequers_serial_rivers_micro_b
D:2:      layout_loops_corners
D:3:      layout_basic, tso_oasis_becter, st_stairs_2, minmay_vboxes, uniq_ijyb

Skill      XL: |  1  2  3 |
---------------+----------+-----
Necromancy     | 5 |  5.4
Short Blades   | 1 |  1.8
Fighting       | 1 |  1.4
Spellcasting   | 4 |  4.1
Dodging        | |  2.4
Stealth        | |  2.4

Action                   |  1- 3 |  4- 6 || total
-------------------------+-------+-------++-------
 Cast: Necrotise         |    65 |    13 ||    78
Evoke: Wand              |       |     2 ||     2
Armor: Robe              |     2 |       ||     2
Dodge: Dodged            |     8 |     5 ||    13
